 Dungeon Crawl Stone Soup version 0.20.0-15-g7f486f2 (webtiles) character file.

1206 botchamania the Conjurer (level 8, 0/59 HPs)
             Began as a Demigod Wanderer on June 25, 2017.
             Slain by a killer bee (1 damage)
             ... on level 7 of the Dungeon.
             The game lasted 00:32:34 (9424 turns).

botchamania the Conjurer (Demigod Wanderer)         Turns: 9424, Time: 00:32:35

Health: 0/59       AC: 12    Str: 18    XL:     8   Next: 1%
Magic:  1/15       EV: 11    Int: 15    God:
Gold:   219        SH:  0    Dex: 17    Spells: 2/12 levels left

rFire    . . .     SeeInvis .   c - +1 whip (elec)
rCold    . . .     Gourm    .   (no shield)
rNeg     . . .     Faith    .   i - +2 robe {Archmagi}
rPois    .         Spirit   .   w - +0 helmet
rElec    .         Reflect  .   p - +0 cloak
rCorr    .         Harm     .   (no gloves)
MR       .....                  j - +2 pair of boots
Stlth    ++........             (no amulet)
Regen    0.2/turn               m - +3 ring of protection
MPRegen  0.2/turn               (no ring)

@: lethally poisoned (0 -> -2), very slightly contaminated
A: high mp 1
a: no special abilities


You were on level 7 of the Dungeon.
You were not hungry.

You visited 1 branch of the dungeon, and saw 7 of its levels.

You collected 219 gold pieces.

Inventory:

Hand Weapons
 c - a +1 whip of electrocution (weapon)
 e - a +1 club
 h - a +0 spear
 k - a +0 dagger of speed
 q - a +4 quarterstaff of chaos
 t - a +0 mace
 v - a +1 mace of protection
 x - a +0 mace
 y - a +0 blowgun
 z - a +0 flail of holy wrath
Missiles
 n - 41 poisoned needles
Armour
 d - a +0 robe
 i - a +2 robe of the Archmagi (worn)
 j - a +2 pair of boots (worn)
 o - a +0 pair of boots
 p - a +0 cloak (worn)
 w - a +0 helmet (worn)
Jewellery
 m - a +3 ring of protection (left hand)
 u - an uncursed amulet of guardian spirit
Scrolls
 b - 2 scrolls of remove curse
 s - 2 scrolls of identify
Potions
 g - a potion of degeneration
Books
 a - a book of Minor Magic

   Spells                             Type                      Level
   a - Magic Dart                     Conjuration                  1
   b - Blink                          Translocation                2
   c - Call Imp                       Summoning                    2
   d - Slow                           Hexes                        2
   e - Conjure Flame                  Conjuration/Fire             3
   f - Mephitic Cloud                 Conjuration/Poison/Air       3
Comestibles
 l - 5 royal jellies


   Skills:
 - Level 1.4 Fighting
 + Level 5.1 Maces & Flails
 - Level 1.0 Throwing
 - Level 0.1 Dodging
 - Level 2.5 Spellcasting
 + Level 5.6 Conjurations
 - Level 1.0 Hexes
 - Level 2.9 Summonings
 - Level 1.0 Translocations
   Level 3.6 Earth Magic
   Level 1.0 Evocations


You had 2 spell levels left.
You knew the following spells:

 Your Spells              Type           Power        Failure   Level  Hunger
a - Magic Dart            Conj           ####         1%          1    #......
b - Blink                 Tloc           N/A          22%         2    ###....
c - Call Imp              Summ           ###.....     10%         2    ###....
d - Slow                  Hex            #.......     22%         2    ###....
e - Conjure Flame         Conj/Fire      ###.....     21%         3    ###....


Dungeon Overview and Level Annotations

Branches:
Dungeon (7/15)             Temple (0/1) D:5

Annotations:
D:5 Overlord's ghost, novice DrTm


Innate Abilities, Weirdness & Mutations

You have an increased reservoir of magic. (+10% MP)


Message History

Confirm with . or Enter, or press ? or * to list all spells.
You feel a surge of power!
You blink.
* * * LOW HITPOINT WARNING * * *
You feel sick.
Casting: Blink
Confirm with . or Enter, or press ? or * to list all spells.
Aiming: Slow
Press: ? - help, Shift-Dir - straight line, f - killer bee
Aim: a killer bee (chance to defeat MR: 50%)
You feel a surge of power!
The killer bee resists with some effort.
The killer bee closely misses you. The killer bee barely misses you.
Unknown command.
* * * LOW HITPOINT WARNING * * *
You feel sick.
* * * LOW HITPOINT WARNING * * *
You feel sick.
The killer bee stings you but does no damage.
The killer bee stings you.
You die...

... #.## .. #...
..######### #?#........
#......Z.#. ####.#.#....
### #..S.#.#..#5
.....########.#.......#.
.......@yZSy..#...S.....
###############..#......
........... ############


You could see 2 killer bees, an adder and a hound skeleton.

Vanquished Creatures
  Pikel (D:6)
  A bullfrog (D:6)
  A scorpion (D:6)
  2 orc priests
  2 hounds (D:4)
  A centaur skeleton (D:6)
  2 orc wizards
  A worker ant (D:6)
  A gnoll (D:6)
  4 adders
  A howler monkey skeleton (D:4)
  A shadow imp (D:6)
  2 oozes
  An adder skeleton (D:5)
  A worm (D:3)
  A leopard gecko (D:3)
  13 orcs
  12 bats
  3 giant cockroaches
  14 hobgoblins
  2 jackals (D:6)
  7 kobolds
  3 quokkas
  A ball python (D:4)
  3 frilled lizards
  17 goblins
  7 rats
105 creatures vanquished.

Vanquished Creatures (collateral kills)
  Edmund (D:6)
  A sky beast (D:6)
  3 bullfrogs (D:6)
  A hound (D:6)
  Crazy Yiuf (D:4)
  4 orc priests
  An iguana (D:6)
  An orc wizard (D:4)
  Jessica (D:3)
  Robin (D:3)
  4 gnolls
  3 adders
  2 worms (D:2)
  A dart slug (D:3)
  A leopard gecko (D:3)
  8 orcs
  2 giant cockroaches
  3 goblins
  3 hobgoblins (D:3)
  2 frilled lizards (D:3)
  A quokka skeleton (D:4)
  A butterfly (D:5)
46 creatures vanquished.

Vanquished Creatures (others)
  A slave (D:5)
  A ball python (D:5)
2 creatures vanquished.

Grand Total: 153 creatures vanquished

Notes
Turn   | Place    | Note
-------+----------+-------------------------------------------
     0 | D:1      | botchamania the Demigod Wanderer began the quest for the Orb.
     0 | D:1      | botchamania set off with: a book of Minor Magic, a potion of curing, a scroll of teleportation, a +0 robe, a +0 club, a bread ration
     0 | D:1      | Reached XP level 1. HP: 14/14 MP: 5/5
     6 | D:1      | Learned a level 1 spell: Magic Dart
   147 | D:2      | Reached skill level 1 in Maces & Flails
   496 | D:2      | Found a sacrificial altar of Ru.
   851 | D:1      | Reached XP level 2. HP: 14/20 MP: 2/7
  1441 | D:1      | You fall through a shaft!
  1455 | D:2      | Reached skill level 1 in Fighting
  1534 | D:2      | Reached XP level 3. HP: 15/28 MP: 1/8
  1763 | D:2      | Learned a level 2 spell: Blink
  1845 | D:2      | Reached skill level 1 in Conjurations
  2170 | D:1      | Learned a level 2 spell: Call Imp
  3239 | D:2      | Reached XP level 4. HP: 35/35 MP: 4/9
  3506 | D:2      | Reached skill level 1 in Summonings
  3904 | D:3      | Noticed Robin
  3932 | D:3      | Killed Robin
  4070 | D:3      | HP: 1/35 [orc priest/nerve-wracking pain (8)]
  4909 | D:3      | Reached XP level 5. HP: 40/40 MP: 3/10
  5140 | D:3      | Learned a level 2 spell: Slow
  5818 | D:3      | Noticed Jessica
  5827 | D:3      | Killed Jessica
  6064 | D:4      | Noticed a phantom
  6440 | D:4      | Reached XP level 6. HP: 37/47 MP: 0/11
  6670 | D:4      | Found a shadowy altar of Dithmenos.
  6721 | D:4      | Found a runed door.
  6851 | D:4      | Noticed Crazy Yiuf
  6895 | D:4      | Killed Crazy Yiuf
  6993 | D:5      | Entered Level 5 of the Dungeon
  6998 | D:5      | Found a staircase to the Ecumenical Temple.
  7039 | D:5      | Noticed Overlord's ghost (novice DrTm)
  7591 | D:6      | Noticed Edmund
  7608 | D:6      | Killed Edmund
  7651 | D:6      | Reached XP level 7. HP: 47/52 MP: 0/13
  7668 | D:6      | Learned a level 3 spell: Conjure Flame
  8397 | D:5      | Noticed Pikel
  8497 | D:6      | Killed Pikel
  8547 | D:6      | Reached skill level 5 in Conjurations
  8845 | D:6      | Reached skill level 5 in Maces & Flails
  9023 | D:6      | Reached XP level 8. HP: 59/59 MP: 13/15
  9421 | D:7      | HP: 2/59 [poisoned by a killer bee]
  9424 | D:7      | Slain by a killer bee

Skill      XL: |  1  2  3  4  5  6  7 |
---------------+----------------------+-----
Maces & Flails | 1 2 4 5 |  5.1
Fighting       | 1 |  1.4
Conjurations   | 2 5 |  5.6
Summonings     | 2 |  2.9
Spellcasting   | 2 |  2.5
Throwing       | |  1.0
Dodging        | |  0.1
Hexes          | |  1.0
Translocations | |  1.0
Earth Magic    | |  3.6
Evocations     | |  1.0

Action                   |  1- 3 |  4- 6 |  7- 9 || total
-------------------------+-------+-------+-------++-------
Melee: Club              |   105 |    48 |       ||   153
       Dagger            |     8 |       |       ||     8
       Mace              |       |   133 |    33 ||   166
       Whip              |       |       |    13 ||    13
 Fire: Blowgun           |       |     4 |       ||     4
 Cast: Magic Dart        |    86 |    48 |    35 ||   169
       Call Imp          |     7 |    67 |    40 ||   114
       Blink             |     1 |       |     6 ||     7
       Conjure Flame     |       |       |     2 ||     2
       Slow              |       |       |     1 ||     1
  Use: Potion            |     3 |     3 |     1 ||     7
       Scroll            |     5 |     9 |     4 ||    18
 Stab: Sleeping          |     2 |       |       ||     2
       Distracted        |       |     2 |     1 ||     3
  Eat: Chunk             |     6 |     8 |     7 ||    21
       Bread ration      |     1 |     3 |     1 ||     5
Armor: Robe              |    35 |   114 |    47 ||   196
Dodge: Dodged            |   102 |   151 |    90 ||   343
